 Dungeon Crawl Stone Soup version 0.20-a0-681-gf83e07f (webtiles) character file.

165 Alarkh the Slasher (level 5, -1/38 HPs)
             Began as a Demonspawn Skald on Feb 18, 2017.
             Killed by divine providence
             ... invoked by an orc priest
              (14 damage)
             ... on level 4 of the Dungeon.
             The game lasted 00:05:22 (2990 turns).

Alarkh the Slasher (Demonspawn Skald)               Turns: 2990, Time: 00:05:23

Health: -1/38      AC:  5    Str: 11    XL:     5   Next: 22%
Magic:  5/8        EV: 14    Int: 16    God:
Gold:   139        SH:  0    Dex: 12    Spells: 2/8 levels left

rFire    . . .     SeeInvis .   a - +0 falchion
rCold    . . .     Gourm    .   b - +0 leather armour
rNeg     . . .     Faith    .   (no shield)
rPois    .         Spirit   .   i - +0 helmet
rElec    .         Reflect  .   (no cloak)
rCorr    .         Harm     .   (no gloves)
MR       .....                  s - +0 pair of boots
Stlth    ++........             j - amulet of magic regeneration
Regen    0.2/turn               (no ring)
MPRegen  0.2/turn               (no ring)

@: infused (expiring), very slightly contaminated, hasted, drained, very quick
A: repulsion field 2, nightstalker 1
a: no special abilities


You were on level 4 of the Dungeon.
You were not hungry.

You visited 1 branch of the dungeon, and saw 4 of its levels.

You collected 139 gold pieces.

Inventory:

Hand Weapons
 a - a +0 falchion (weapon)
Armour
 b - a +0 leather armour (worn)
 i - a +0 helmet (worn)
 s - a +0 pair of boots (worn)
Jewellery
 g - an uncursed amulet of harm
 j - an amulet of magic regeneration (around neck)
 l - an uncursed ring of fire
 q - an uncursed ring of teleportation
Scrolls
 e - a scroll of identify
 h - 2 scrolls of amnesia {unknown}
 n - 2 scrolls of teleportation
 o - a scroll of random uselessness
 r - a scroll of magic mapping {unknown}
 t - a scroll of blinking {unknown}
 w - a scroll of recharging {unknown}
Potions
 k - a potion of haste
 m - a potion of curing {unknown}
 u - 2 potions of mutation {unknown}
Books
 c - a book of Battle

   Spells                             Type                      Level
   a - Infusion                       Charms                       1
   b - Shroud of Golubria             Charms/Translocation         2
   c - Song of Slaying                Charms                       2
   d - Spectral Weapon                Hexes/Charms                 3
   e - Regeneration                   Charms/Necromancy            3
Comestibles
 d - a bread ration
 f - 3 chunks of flesh
 p - 4 fruits


   Skills:
 - Level 2.0(1.5) Fighting
 + Level 5.0(4.5) Long Blades
 - Level 0.8(0.4) Armour
 - Level 1.7(1.3) Dodging
 - Level 2.0(1.5) Spellcasting
 - Level 2.6(2.2) Charms


You had 2 spell levels left.
You knew the following spells:

 Your Spells              Type           Power        Failure   Level  Hunger
a - Infusion              Chrm           #...         12%         1    ##.....
b - Shroud of Golubria    Chrm/Tloc      #.........   28%         2    ###....
e - Regeneration          Chrm/Necr      #.........   56%         3    ####...


Dungeon Overview and Level Annotations

Branches:
Dungeon (4/15)
 Temple: D:4-7

Altars:
The Shining One


Innate Abilities, Weirdness & Mutations

You are surrounded by a moderate repulsion field. (EV +3)
You are slightly more attuned to the shadows.


Message History

The orc priest hits you with a short sword of protection.
The orc barely misses you.
You riposte.
You closely miss the orc.
The orc is lightly wounded.
You are very lightly contaminated with residual magic.
You closely miss the orc priest. The orc priest closely misses you.
The orc hits you with a short sword.
You hit the orc priest but do no damage.
You hit the orc priest but do no damage.
The orc barely misses you.
You riposte.
You hit the orc.
The orc is moderately wounded.
The orc priest calls down the wrath of Beogh upon you.
Pain shoots through your body!
You hit the orc priest but do no damage.
The orc misses you. The orc priest barely misses you.
The orc priest looks encouraged for a moment.
Your magical infusion is running out.
The orc priest miscasts a cantrip.
The orc priest mumbles some strange prayers to Beogh against you.
Beogh smites you!
You die...

....### ..
###......###..
##............
.....!..#...#
#....#...#.#
#......#...#
#..>.#.o.#.######.
#......#..#.......
...#..o..)..@<#
#..........###
#..........#
##.........#
#.........#
#.........#
#.........


You could see an orc priest and an orc.

Vanquished Creatures
  An orc wizard (D:3)
  A gnoll (D:1)
  2 adders
  An ooze (D:2)
  3 worms (D:2)
  3 dart slugs
  4 leopard geckos
  8 orcs
  4 giant cockroaches
  10 goblins
  3 hobgoblins
  4 jackals (D:1)
  A quokka (D:2)
  3 ball pythons
  9 bats
  4 frilled lizards
  8 kobolds
  8 rats
77 creatures vanquished.

Notes
Turn   | Place    | Note
-------+----------+-------------------------------------------
     0 | D:1      | Alarkh the Demonspawn Skald began the quest for the Orb.
     0 | D:1      | Reached XP level 1. HP: 16/16 MP: 3/3
    78 | D:1      | Reached skill level 2 in Long Blades
   206 | D:1      | Gained mutation: You are slightly more attuned to the shadows. [demonic ancestry]
   206 | D:1      | Reached XP level 2. HP: 22/22 MP: 0/5
   265 | D:1      | Learned a level 2 spell: Shroud of Golubria
   280 | D:1      | Reached skill level 3 in Long Blades
   500 | D:1      | Reached XP level 3. HP: 23/27 MP: 3/6
   634 | D:1      | Found a glowing golden altar of the Shining One.
  1516 | D:2      | Gained mutation: You are surrounded by a mild repulsion field. (EV +2) [demonic ancestry]
  1516 | D:2      | Reached XP level 4. HP: 26/33 MP: 5/7
  1602 | D:2      | Reached skill level 4 in Long Blades
  2224 | D:3      | Gained mutation: You are surrounded by a moderate repulsion field. (EV +3) [demonic ancestry]
  2224 | D:3      | Reached XP level 5. HP: 22/38 MP: 0/8
  2566 | D:3      | Learned a level 3 spell: Regeneration
  2968 | D:4      | Reached skill level 5 in Long Blades
  2990 | D:4      | Killed from afar by an orc priest

Vault maps used:
D:1:      minmay_arrival_doors, tso_altar
D:3:      minmay_misc_feat_nine_boxes
D:4:      serial_shops, shop, first_bread, hex_tiny, grunt_dithmenos_shadows

Skill      XL: |  1  2  3  4  5 |
---------------+----------------+-----
Long Blades    | 2 3 4 5 |  5.0
Fighting       | |  2.0
Armour         | |  0.8
Dodging        | |  1.7
Spellcasting   | |  2.0
Charms         | |  2.6

Action                   |  1- 3 |  4- 6 || total
-------------------------+-------+-------++-------
Melee: Falchion          |   109 |   116 ||   225
 Cast: Infusion          |    12 |    24 ||    36
       Shroud of Golubri |     1 |     1 ||     2
  Use: Scroll            |     4 |     1 ||     5
       Potion            |       |     3 ||     3
 Stab: Sleeping          |     4 |     7 ||    11
  Eat: Chunk             |     3 |     5 ||     8
Armor: Leather armour    |    39 |    40 ||    79
Dodge: Dodged            |    79 |    89 ||   168
       Rpst.: Falchion   |    20 |    25 ||    45
